 Dungeon Crawl Stone Soup version 0.30.0-16-gbe6223bb7e (webtiles) character file.

Game seed: 5029715899467141810

7002 Aksej the Cleaver (level 10, -2/93 HPs)
             Began as a Minotaur Fighter on May 20, 2023.
             Slain by a vampire
             ... wielding a +1 vampiric halberd
              (5 damage)
             ... in a bailey.
             The game lasted 00:18:48 (6665 turns).

Aksej the Cleaver (Minotaur Fighter)                Turns: 6665, Time: 00:18:48

Health: -2/93      AC: 15    Str: 31    XL:     10   Next: 82%
Magic:  9/9        EV: 13    Int:  5    God:
Gold:   319        SH:  0    Dex: 10    Spells: 9/9 levels left

rFire   . . .        a - +3 war axe (flame)
rCold   . . .        c - +0 buckler
rNeg    . . .        E - +0 acid dragon scales
rPois   +            (helmet restricted)
rElec   .            s - +1 cloak
rCorr   +            l - +0 pair of gloves
SInv    .            y - +1 pair of boots
Will    .....        (no amulet) Stlth
                     e - ring of poison resistance
HPRegen 0.35/turn    m - +6 ring of strength
MPRegen 0.11/turn

%: no passive effects
@: confused, mighty
A: horns 2, retaliatory headbutt
a: no special abilities


You were in a bailey.
You visited 1 branch of the dungeon, and saw 9 of its levels.
You also visited: Bailey.

You collected 498 gold pieces.
You spent 179 gold pieces at shops.

Inventory:

Hand Weapons
 a - a +3 war axe of flaming (weapon)
Missiles
 v - 6 boomerangs (quivered)
 z - 2 throwing nets
Armour
 c - a +0 buckler (worn)
 l - a +0 pair of gloves (worn)
 s - a +1 cloak (worn)
 y - a +1 pair of boots (worn)
 E - +0 acid dragon scales (worn)
Jewellery
 e - a ring of poison resistance (left hand)
 m - a +6 ring of strength (right hand)
 w - a ring of positive energy
Wands
 o - a wand of polymorph (13)
 r - a wand of flame (20)
 u - a wand of light (10)
 x - a wand of mindburst (5)
 B - a wand of iceblast (5)
Scrolls
 b - 2 scrolls of identify
 p - 2 scrolls of teleportation
 q - a scroll of blinking
 A - a scroll of fear
 D - a scroll of amnesia
 F - 2 scrolls of magic mapping
Potions
 d - 3 potions of might
 f - a potion of ambrosia
 g - 4 potions of brilliance
 h - 3 potions of haste
 i - 2 potions of lignification
 j - a potion of flight
 k - a potion of curing
 n - a potion of resistance
 t - a potion of attraction
 C - a potion of magic


   Skills:
 + Level 10.2 Fighting
 + Level 13.1 Axes
 + Level 1.3 Throwing
 + Level 9.9 Armour
 + Level 7.1 Dodging
 + Level 1.0 Stealth
 + Level 6.0 Shields


You had 9 spell levels left.
You didn't know any spells.
Your spell library was empty.

Dungeon Overview and Level Annotations

Branches:
Dungeon (9/15)             Bailey (1/1)
 Temple: D:4-7         Lair: D:8-11         Orc: D:9-12

Altars:
Elyvilon
Fedhas
Kikubaaqudgha
Sif Muna
Zin

Shops:
D:2 (   D:6 ?   D:7 *((


Innate Abilities, Weirdness & Mutations

You have a pair of horns on your head.
You reflexively headbutt those who attack you in melee.


Message History

You barely miss something. You headbutt something.
Something hits you but does no damage. Something bites you!
Something draws strength from your injuries!
You hit something but do no damage. Something hits you but does no damage.
Something bites you but does no damage.
You miss something. Something hits you! Something bites you.
Something draws strength from your injuries!
You closely miss something. Something hits you but does no damage.
Something bites you but does no damage.
You slash something! You burn something. Something draws life force from you!
You barely miss something. Your headbutt misses something. Something hits you!
Something barely misses you.
You hit something but do no damage. Your headbutt misses something.
You barely miss something. You headbutt something.
Something hits you but does no damage. Something bites you but does no damage.
You hit something. You burn something.
You hear some strange, mumbled words.
You are confused.
Found a potion of haste and a potion of heal wounds.
Something hits you. Something barely misses you.
You slash something! You burn something. Your headbutt misses something.
Something hits you!
* * * LOW HITPOINT WARNING * * *
Something bites you but does no damage.
You slash something! You burn something. Your headbutt misses something.
Something hits you!
* * * LOW HITPOINT WARNING * * *
Something bites you.
* * * LOW HITPOINT WARNING * * *
Something draws strength from your injuries!
You feel very mighty all of a sudden.
You hear some strange, mumbled words.
Something tries to affect you, but you resist.
Something hits you.
* * * LOW HITPOINT WARNING * * *
Something bites you.
* * * LOW HITPOINT WARNING * * *
Something draws strength from your injuries!
Something hits you.
You die...

##### ##8...######
##!.....##.8##### #8!
#...#..#8..##### #:.
#..'..#.......#
#[.####..'..#........
#.!.##...#..#..♣.♣...
##[{....##..#..♣....♣
##8@..##...#...♣....
######....##...♣...
#8......##..♣).)
#...##...##..♣..
#..##.)..#....).
#..#....##......
#..#...##.......
#..#......######
#..#...)..# #


There were no monsters in sight!

Vanquished Creatures
  A two-headed ogre (D:7)
  Pikel (D:7)
  A gargoyle (Bailey)
  A steam dragon (D:7)
  An acid dragon (D:8)
  A water moccasin (D:7)
  A sky beast (D:7)
  An orc warrior (D:8)
  5 ice beasts
  2 centaurs
  3 kobold brigands
  A phantom (D:5)
  A gnoll sergeant (D:8)
  A bullfrog (D:7)
  A scorpion (D:5)
  3 killer bees (D:7)
  A jelly (D:8)
  4 orc priests
  5 hounds
  A gnoll bouda (D:7)
  An iguana (D:6)
  2 sleepcaps
  Natasha (thrice) (D:2)
  9 orc wizards
  Robin (D:3)
  8 adders
  14 gnolls
  A shadow imp (D:5)
  5 white imps
  4 ufetubi
  A worm (D:2)
  29 orcs
  3 bats
  9 endoplasms
  18 goblins
  11 hobgoblins
  4 jackals (D:1)
  16 kobolds
  A quokka (D:2)
  7 ball pythons
  5 frilled lizards
  8 orc zombies (Bailey)
  3 rats
199 creatures vanquished.

Notes
Turn   | Place    | Note
-------+----------+-------------------------------------------
     0 | D:1      | Aksej the Minotaur Fighter began the quest for the Orb.
     0 | D:1      | Reached XP level 1. HP: 19/19 MP: 0/0
   123 | D:1      | Reached XP level 2. HP: 23/27 MP: 1/1
   249 | D:1      | Reached skill level 3 in Axes
   485 | D:1      | Reached XP level 3. HP: 27/33 MP: 2/2
   705 | D:2      | Noticed Natasha
   712 | D:2      | Killed Natasha
   740 | D:2      | Reached XP level 4. HP: 40/40 MP: 3/3
   752 | D:2      | Noticed Natasha
   756 | D:2      | Killed Natasha
   757 | D:2      | Reached skill level 4 in Axes
   822 | D:2      | Identified the +3 dagger of the Scorpion {heavy, rN+ Dex+3}
   963 | D:2      | Found Xuon's Antique Weapon Emporium.
  1078 | D:2      | Noticed Natasha
  1087 | D:2      | Killed Natasha
  1411 | D:3      | Found a blossoming altar of Fedhas.
  1411 | D:3      | Found a glowing silver altar of Zin.
  1562 | D:3      | Reached XP level 5. HP: 47/47 MP: 4/4
  1688 | D:3      | Noticed Robin
  1697 | D:3      | Killed Robin
  1910 | D:3      | Found a shimmering blue altar of Sif Muna.
  2072 | D:4      | Reached skill level 1 in Dodging
  2131 | D:4      | Reached skill level 5 in Axes
  2496 | D:4      | Reached XP level 6. HP: 49/53 MP: 5/5
  2560 | D:4      | Reached skill level 5 in Armour
  3034 | D:5      | Entered Level 5 of the Dungeon
  3066 | D:5      | Reached skill level 6 in Axes
  3137 | D:5      | Noticed an ice beast
  3144 | D:5      | Reached XP level 7. HP: 46/60 MP: 6/6
  3309 | D:5      | Reached skill level 5 in Fighting
  3440 | D:5      | Reached skill level 7 in Axes
  3691 | D:6      | Reached XP level 8. HP: 69/69 MP: 7/7
  3794 | D:6      | Reached skill level 5 in Shields
  3828 | D:6      | Reached skill level 8 in Axes
  3838 | D:6      | Found Matseoto's Magic Scroll Shoppe.
  3861 | D:6      | Bought a scroll of identify for 28 gold pieces
  3861 | D:6      | Bought a scroll of identify for 28 gold pieces
  3889 | D:6      | You fall into a shaft and drop 2 floors!
  3948 | D:7      | Noticed a two-headed ogre
  3955 | D:7      | HP: 3/70 [two-headed ogre/+0 giant club (19)]
  3957 | D:7      | Killed a two-headed ogre
  3958 | D:7      | Reached skill level 9 in Axes
  4126 | D:7      | Found Ysorauqu's Weapon Emporium.
  4219 | D:7      | Reached XP level 9. HP: 41/78 MP: 8/8
  4450 | D:7      | Found Lumnoagu's Weapon Boutique.
  4463 | D:7      | Reached skill level 10 in Axes
  4463 | D:7      | Reached skill level 1 in Throwing
  4613 | D:7      | Found a white marble altar of Elyvilon.
  4795 | D:7      | Noticed Pikel
  4801 | D:7      | Killed Pikel
  4840 | D:7      | Reached skill level 10 in Fighting
  4840 | D:7      | Reached skill level 12 in Axes
  4840 | D:7      | Reached XP level 10. HP: 93/93 MP: 9/9
  5104 | D:7      | Found Dibafasu's General Store.
  5113 | D:7      | Bought a scroll of brand weapon for 123 gold pieces
  5439 | D:8      | Found an ancient bone altar of Kikubaaqudgha.
  6127 | D:8      | Reached skill level 13 in Axes
  6514 | D:9      | Found a flagged portal.
  6523 | Bailey   | Entered a bailey
  6622 | Bailey   | Noticed a gargoyle
  6627 | Bailey   | Killed a gargoyle
  6628 | Bailey   | Reached skill level 1 in Stealth
  6664 | Bailey   | HP: 2/93 [something (4)]
  6665 | Bailey   | Slain by a vampire

Illustrated notes

Levels and vault maps discovered:
D:1:      minmay_arrival_stair_chambers, layout_rooms, corexii_leaking_fountain
D:2:      layout_basic, serial_shops, nicolae_shop_pleasant_corner_grove,
          uniq_natasha
D:3:      layout_basic, lemuel_blue_sif_altar,
          gammafunk_temple_overflow_elements, uniq_robin
D:4:      layout_basic
D:5:      layout_cave_pools
D:6:      layout_rooms, minmay_temple_entry_from_below_b, serial_shops,
          nicolae_shop_window_shopping, grunt_decor_one_mirror
D:7:      layout_gridville, mainiacjoe_overflow_tiny_flanked, serial_shops,
          nicolae_shop_bloodbath_and_beyond, nicolae_lakefront_shop,
          nicolae_shop_crystal, uniq_pikel
D:8:      layout_basic, nicolae_kikubaaqudgha_miasma_corner
D:9:      minmay_imperfect_grid, layout_loops_ring, enter_bailey_3
Bailey:   bailey_polearm_vampire_castle_hellmonk, bailey

Skill      XL: |  1  2  3  4  5  6  7  8  9 10 |
---------------+-------------------------------+-----
Axes           | 3 4 5 6 7 9 12 13 | 13.1
Fighting       | 4 5 6 10 | 10.2
Armour         | 4 5 7 9 |  9.9
Shields        | 4 5 6 |  6.0
Dodging        | 1 2 7 |  7.1
Throwing       | 1 |  1.3
Stealth        | 1 |  1.0

Action                     |  1- 3 |  4- 6 |  7- 9 | 10-12 || total
---------------------------+-------+-------+-------+-------++-------
  Melee: War axe           |    71 |   115 |   132 |    89 ||   407
         Headbutt          |     7 |    11 |    15 |    14 ||    47
  Throw: Boomerang         |       |       |     4 |       ||     4
    Use: Scroll            |     2 |    10 |     3 |     6 ||    21
         Potion            |     1 |     4 |     3 |     1 ||     9
 Armour: Scale mail        |    34 |    52 |    64 |    17 ||   167
         Acid dragon scale |       |       |       |    22 ||    22
  Dodge: Dodged            |    40 |    60 |    71 |    42 ||   213
  Block: Buckler           |    17 |    27 |    25 |    22 ||    91
